Map: Remanso LE

Players

kratos - Winner!

  • Race: Terran Terran
  • League: Gold
  • Spawn Location: 5:00

IagoAbreu

  • Race: Zerg Zerg
  • Spawn Location: 11:00

VOD

Have the link to the VOD?

Description

Time

  • Played on: Feb. 19, 2018, 12:49 p.m.
  • Length: 22:36
Show
View Real Time Build Order
Export as new Build Order

kratos Terran - Winner!

Build Orders:  

Get SALT Encoding   

  12  0:05  SCV  
  13  0:18  SCV  
  14  0:30  Supply Depot  
  14  0:34  SCV  
  15  0:43  Refinery  
  15  0:52  SCV  
  16  0:58  Barracks  
  16  1:16  SCV  
  17  1:28  SCV  
  18  1:35  Engineering Bay  
  18  1:40  SCV, Refinery  
  19  1:48  Barracks Reactor  
  19  1:52  SCV  
  20  2:05  SCV, Supply Depot  
  21  2:09  Supply Depot  
  21  2:17  SCV  
  22  2:27  Marine x2  
  24  2:30  Factory  
  24  2:31  Orbital Command  
  24  2:44  Marine  
  24  2:45  Marine  
  26  3:07  Marine, Command Center  
  26  3:08  Marine  
  28  3:15  Starport  
  28  3:28  Supply Depot  
  28  3:30  Factory Reactor  
  28  3:33  Marine  
  28  3:34  Marine  
  30  3:42  SCV  
  31  3:51  Marine  
  31  3:54  SCV  
  33  3:57  Supply Depot x2  
  33  4:05  Starport Reactor  
  33  4:16  Hellion x2  
  37  4:37  Hellion  
  37  4:38  Hellion  
  41  4:41  Medivac x2  
  45  4:59  Hellion  
  47  5:11  Medivac  
  49  5:18  SCV  
  50  5:29  Planetary Fortress  
  50  5:30  SCV  
  51  5:43  SCV  
  52  5:55  SCV  
  53  6:02  Refinery  
  53  6:04  Refinery  
  53  6:07  SCV  
  54  6:12  Marine x2  
  54  6:17  SCV  
  57  6:19  SCV  
  58  6:29  Marine  
  58  6:30  Marine, SCV  
  58  6:31  SCV  
  60  6:42  SCV  
  60  6:43  SCV  
  62  6:54  SCV  
  59  7:06  SCV  
  55  7:28  Marine x2  
  57  7:31  Hellion x2  
  57  7:35  SCV  
  62  7:38  Factory  
  61  7:46  Marine x2  
  61  7:47  SCV  
  53  7:52  Hellion  
  53  7:53  Hellion  
  57  7:59  SCV  
  57  8:00  SCV  
  57  8:04  Marine  
  60  8:11  SCV  
  61  8:12  SCV  
  61  8:14  Hellion x2  
  66  8:23  SCV, Factory Tech Lab  
  66  8:25  SCV  
  68  8:31  Terran Infantry Weapons Level 1  
  68  8:35  Hellion x2  
  68  8:36  SCV  
  68  8:37  SCV  
  74  8:42  Infernal Pre-Igniter  
  74  8:48  SCV, Siege Tank  
  78  9:07  Supply Depot x2  
  78  9:09  Supply Depot  
  78  9:10  Supply Depot  
  78  9:13  Supply Depot  
  78  9:14  Supply Depot  
  78  9:23  SCV x2, Hellion x2  
  84  9:28  Siege Tank  
  87  9:35  SCV, Barracks  
  87  9:36  Barracks x2  
  88  9:44  Hellion x2  
  92  9:47  SCV  
  93  9:59  SCV  
  94  10:00  Siege Tank  
  97  10:11  SCV  
  98  10:15  Armory  
  98  10:18  Armory  
  75  11:29  Siege Tank  
  78  11:33  Hellbat  
  78  11:34  Hellbat  
  82  11:42  Marine x2  
  84  11:55  Hellbat x2  
  84  11:56  Barracks Tech Lab, Barracks Reactor x2  
  84  12:00  Marine x2  
  90  12:01  Siege Tank  
  93  12:15  Terran Infantry Weapons Level 2, Command Center  
  93  12:16  Hellbat x2  
  93  12:17  Marine x2  
  99  12:32  Medivac x2  
  99  12:34  Factory  
  99  12:35  Marine  
  104  12:38  Hellbat  
  104  12:43  Combat Shields  
  106  12:46  Marauder  
  106  12:49  Thor  
  114  13:08  Marauder  
  116  13:14  Command Center  
  116  13:16  Hellbat  
  116  13:17  Hellbat  
  116  13:19  Factory Tech Lab, Refinery  
  120  13:22  Refinery  
  120  13:29  Marauder  
  122  13:38  Hellbat x2  
  126  13:46  Refinery x2  
  126  13:51  Marauder  
  126  13:53  Marine x2  
  126  13:54  Marine x4  
  134  13:59  Hellbat x2  
  134  14:00  Liberator x2  
  138  14:11  Marine  
  138  14:12  Marauder  
  141  14:21  Planetary Fortress, Hellbat  
  149  14:31  Terran Infantry Armor Level 1  
  149  14:37  Marine x2, Marauder  
  149  14:38  Marine x4  
  155  14:39  Command Center  
  155  14:43  Liberator  
  157  14:53  Planetary Fortress  
  157  14:58  Marauder  
  157  14:59  Missile Turret  
  162  15:20  Marauder  
  162  15:21  Missile Turret  
  164  15:26  Unknown  
  164  15:34  Liberator x2  
  164  15:44  Missile Turret  
  170  16:04  Missile Turret  
  170  16:26  Missile Turret  
  119  17:43  Marine x7  
  126  18:00  Marine  
  126  18:01  Marine x6  
  126  18:03  Stimpack  
  133  18:18  Marine  
  133  18:19  Marine x6  
  140  18:36  Marine  
  140  18:37  Marine x6  
  147  18:55  Marine  
Show
View Real Time Build Order
Export as new Build Order

IagoAbreu Zerg 

Build Orders: Hatch First 

Get SALT Encoding   

  12  0:03  Drone  
  13  0:12  Overlord  
  13  0:17  Drone  
  14  0:31  Drone  
  14  0:32  Drone  
  16  0:42  Overlord  
  16  1:03  Hatchery  
  15  1:11  Spawning Pool  
  15  1:15  Drone  
  15  1:19  Drone  
  15  1:23  Drone  
  17  1:26  Drone  
  18  1:33  Extractor  
  18  1:37  Extractor  
  18  1:38  Drone  
  17  1:48  Overlord  
  17  2:02  Drone  
  17  2:03  Queen  
  20  2:20  Drone  
  20  2:21  Hatchery  
  20  2:25  Drone  
  20  2:27  Drone  
  22  2:33  Drone  
  23  2:47  Drone  
  23  2:50  Drone x3  
  27  2:54  Queen  
  29  3:04  Drone x2  
  31  3:08  Metabolic Boost  
  31  3:25  Drone x3  
  34  3:31  Queen  
  36  3:36  Drone  
  37  3:49  Drone x2  
  39  3:57  Drone  
  39  3:58  Drone  
  41  4:22  Drone x3  
  41  4:23  Drone x3  
  47  4:36  Spine Crawler  
  47  4:38  Drone x3  
  49  4:52  Zergling x2  
  50  4:54  Overlord x4  
  50  4:55  Overlord  
  50  5:12  Evolution Chamber  
  49  5:16  Evolution Chamber  
  48  5:22  Drone x2  
  50  6:07  Spine Crawler  
  50  6:10  Spine Crawler  
  48  6:15  Spore Crawler  
  47  6:24  Roach Warren  
  43  6:33  Queen  
  43  6:35  Zergling x8  
  43  6:36  Zergling x10  
  44  6:54  Zergling x12  
  45  6:55  Zergling x6  
  45  6:58  Zergling x6  
  45  6:59  Zergling x2  
  45  7:00  Queen  
  30  8:02  Drone  
  30  8:03  Drone x5  
  36  8:07  Drone x5  
  36  8:08  Drone  
  42  8:22  Roach x6  
  54  8:27  Lair  
  54  8:29  Pneumatized Carapace  
  54  8:56  Roach  
  54  8:57  Roach x7  
  54  8:58  Zergling x12  
  54  8:59  Zergling x4  
  78  9:33  Drone x4  
  82  9:38  Overlord x2  
  82  9:39  Overlord  
  82  9:46  Zerg Melee Weapons Level 1  
  82  9:49  Zerg Ground Armor Level 1  
  82  10:18  Spine Crawler  
  81  10:27  Drone x2  
  83  10:28  Zergling x2  
  83  10:29  Zergling x14  
  83  10:30  Zergling x12, Overlord  
  83  10:32  Roach  
  69  11:12  Drone x5  
  70  11:42  Zergling x8  
  70  11:43  Zergling x14  
  70  11:44  Zergling x2  
  70  11:46  Zerg Melee Weapons Level 2  
  82  11:47  Zerg Ground Armor Level 2  
  82  12:01  Overseer  
  82  12:07  Burrow  
  82  12:40  Zergling x16  
  82  12:41  Roach x4, Zergling x2  
  82  12:42  Roach x2  
  103  12:49  Spire  
  102  13:08  Hydralisk Den  
  101  13:22  Hatchery  
  100  13:51  Overseer  
  100  14:09  Queen  
  102  14:12  Hatchery  
  102  14:16  Mutalisk x2  
  102  14:17  Mutalisk x4  
  101  14:23  Overlord x5  
  113  14:33  Zerg Missile Weapons Level 1  
  113  15:09  Hydralisk x6  
  113  15:10  Hydralisk x3  
  113  15:11  Zergling x8  
  113  15:12  Zergling x4  
  137  15:25  Hydralisk x9  
  137  15:30  Roach x10  
  125  16:05  Corruptor x4  
  125  16:07  Hydralisk x9  
  125  16:08  Drone  
  125  16:09  Zergling x14  
  125  16:10  Zergling x4  
  143  16:12  Roach x21  
  143  16:20  Hydralisk x8  
  143  16:25  Roach x15  
  143  16:32  Drone  
  71  16:53  Mutalisk, Hydralisk x3  
  51  16:55  Zergling x8  
  51  16:56  Zergling x14  
  51  16:57  Zergling x12  
  51  16:58  Zergling x14  
  51  16:59  Zergling x4  
  14  18:20  Zergling x4  
  14  18:21  Zergling x14  
  14  18:22  Zergling x14  
  14  18:23  Zergling x4  
  32  18:45  Spire  
  31  19:27  Spine Crawler  
  31  19:28  Spine Crawler  
  29  19:32  Spine Crawler  
  29  19:34  Spore Crawler  
  29  19:37  Spore Crawler  
  29  19:38  Spore Crawler  
  25  19:57  Mutalisk  
  25  19:58  Mutalisk x3  
  6  20:31  Zergling x2  
Tags
 
League
Gold
Matchup
TvZ
Spawn Locations
Cross Positions
Add a new tag
Caveats
  • Supply blocks, unpowered buildings, or Contaminate may cause inaccurate times.
  • Supply counts are checked every 10 seconds.